 Dungeon Crawl Stone Soup version 0.20.1-1-g8b1a95d (webtiles) character file.

1320 dengdeng the Shield-Bearer (level 8, -1/68 HPs)
             Began as a Minotaur Fighter on Nov 12, 2017.
             Slain by an orc priest
             ... wielding a +0 hand axe
              (6 damage)
             ... on level 6 of the Dungeon.
             The game lasted 00:28:52 (5559 turns).

dengdeng the Shield-Bearer (Minotaur Fighter)       Turns: 5559, Time: 00:28:53

Health: -1/68      AC:  7    Str: 23    XL:     8   Next: 33%
Magic:  2/2        EV:  9    Int:  3    God:
Gold:   394        SH: 14    Dex: 10    Spells: 7/7 levels left

rFire    . . .     SeeInvis .   y - +0 morningstar (antimagic)
rCold    . . .     Gourm    .   c - +0 shield
rNeg     . . .     Faith    .   b - +0 scale mail
rPois    .         Spirit   .   (helmet restricted)
rElec    .         Reflect  +   (no cloak)
rCorr    .         Harm     .   (no gloves)
MR       .....                  (no boots)
Stlth    ..........             z - +3 amulet of reflection
Regen    0.3/turn               (no ring)
MPRegen  0.1/turn               (no ring)

@: no status effects
A: retaliatory headbutt, horns 2, dopey 1
a: no special abilities


You were on level 6 of the Dungeon.
You were not hungry.

You visited 1 branch of the dungeon, and saw 6 of its levels.

You collected 394 gold pieces.

Inventory:

Hand Weapons
 a - a +0 long sword
 y - a +0 antimagic morningstar (weapon)
 D - a +0 falchion
 E - a +1 short sword of protection
Missiles
 o - 3 needles of confusion
 q - 6 tomahawks (quivered)
 t - 73 stones
Armour
 b - a +0 scale mail (worn)
 c - a +0 shield (worn)
 I - a +0 leather armour of magic resistance
Jewellery
 z - a +3 amulet of reflection (around neck)
Wands
 x - a wand of clouds (5/9)
Scrolls
 e - a scroll of blinking
 k - a scroll of teleportation {unknown}
 l - a scroll of noise {unknown}
 m - 3 scrolls of remove curse
 p - 2 scrolls of random uselessness {unknown}
 s - a scroll of fear {unknown}
 u - a scroll of amnesia {unknown}
 v - a scroll of enchant armour {unknown}
 w - a scroll of fog {unknown}
 A - 2 scrolls of recharging {unknown}
 K - a scroll of identify
Potions
 d - a potion of might
 g - 2 potions of agility {unknown}
 h - a potion of invisibility {unknown}
 i - a potion of resistance {unknown}
 n - a potion of haste {unknown}
 r - 3 potions of brilliance {unknown}
 B - a potion of mutation {unknown}
 C - a potion of cancellation {unknown}
 G - 2 potions of curing {unknown}
 H - a potion of degeneration {unknown}
Comestibles
 f - a bread ration
 j - a meat ration
 F - a royal jelly
 J - 8 chunks of flesh


   Skills:
 + Level 5.0 Fighting
 + Level 3.4(4.7) Short Blades
 + Level 5.5(6.1) Long Blades
 + Level 1.6 Maces & Flails
 + Level 1.9 Throwing
 + Level 6.7 Armour
 + Level 2.8 Dodging
 + Level 1.0 Stealth
 + Level 7.0 Shields


You had 7 spell levels left.
You didn't know any spells.

Dungeon Overview and Level Annotations

Branches:
Dungeon (6/15)
 Temple: D:4-7

Altars:
Fedhas
Hepliaklqana
Kikubaaqudgha
Okawaru
Ru
Sif Muna
Uskayaw


Innate Abilities, Weirdness & Mutations

You reflexively headbutt those who attack you in melee.
You have a pair of horns on your head.
You are dopey. (Int -2)


Message History

The orc priest hits you with a hand axe.
* * * LOW HITPOINT WARNING * * *
You closely miss the orc priest.
The orc priest begins to cast a cantrip, but forgets the words!
You hit the orc priest but do no damage.
The orc priest hits you with a hand axe.
* * * LOW HITPOINT WARNING * * *
The orc priest invokes the aid of Beogh against you.
You struggle to resist.
You completely miss the orc priest. Your headbutt misses the orc priest.
You block the orc priest's attack.
You closely miss the orc priest. Your headbutt misses the orc priest.
The orc priest mumbles some strange prayers to Beogh against you.
Pain shoots through your body!
* * * LOW HITPOINT WARNING * * *
The orc priest misses you.
You hit the orc priest but do no damage.
Your headbutt misses the orc priest.
The orc priest hits you with a hand axe.
You die...

##.#.###.....##
#.#..........####
.#...............
.#.#..........###
## #..##.....##
..........##
#.#.#####..# #.#.
##)# #@# #o##
#.#.#
..###...o... ###
######.


You could see an orc priest.

Vanquished Creatures
  Eustachio (D:5)
  Menkaure (D:5)
  Edmund (D:5)
  An ice beast (D:5)
  2 sky beasts (D:5)
  Blork the orc (D:4)
  2 hounds
  A jelly (D:6)
  3 orc priests
  An orc wizard (D:6)
  Ijyb (D:3)
  Terence (D:3)
  An iguana (D:5)
  5 worker ants
  Robin (D:4)
  2 gnolls
  8 adders
  3 oozes
  3 adder skeletons (D:4)
  A worm (D:3)
  A dart slug (D:3)
  3 leopard geckos
  8 orcs
  A ball python (D:2)
  5 giant cockroaches
  13 goblins
  14 hobgoblins
  5 jackals
  3 quokkas
  5 bats
  2 frilled lizards (D:2)
  4 kobolds
  9 rats
113 creatures vanquished.

Notes
Turn   | Place    | Note
-------+----------+-------------------------------------------
     0 | D:1      | dengdeng the Minotaur Fighter began the quest for the Orb.
     0 | D:1      | Reached XP level 1. HP: 19/19 MP: 0/0
   147 | D:1      | Reached XP level 2. HP: 27/27 MP: 1/1
   234 | D:1      | Reached skill level 4 in Shields
   476 | D:1      | Reached XP level 3. HP: 29/33 MP: 2/2
  1392 | D:2      | Reached XP level 4. HP: 40/40 MP: 3/3
  1577 | D:3      | Reached skill level 1 in Dodging
  1724 | D:3      | Noticed Ijyb
  1735 | D:3      | Killed Ijyb
  1788 | D:3      | Noticed Terence
  1803 | D:3      | Reached XP level 5. HP: 17/46 MP: 4/4
  1807 | D:3      | Killed Terence
  2353 | D:3      | Reached skill level 5 in Armour
  2691 | D:4      | Found an iron altar of Okawaru.
  2840 | D:4      | Found a hide-covered altar of Uskayaw.
  2873 | D:4      | Reached XP level 6. HP: 10/52 MP: 5/5
  3184 | D:4      | Found a deep blue altar of Sif Muna.
  3270 | D:4      | Found a hazy altar of Hepliaklqana.
  3514 | D:4      | Reached skill level 5 in Long Blades
  3514 | D:4      | Reached skill level 1 in Throwing
  3542 | D:4      | Noticed Blork the orc
  3553 | D:4      | Killed Blork the orc
  3654 | D:4      | Found an ancient bone altar of Kikubaaqudgha.
  3664 | D:4      | Noticed Robin
  3686 | D:4      | Killed Robin
  3956 | D:5      | Entered Level 5 of the Dungeon
  3978 | D:5      | Found a sacrificial altar of Ru.
  3997 | D:5      | Reached skill level 5 in Shields
  3998 | D:5      | Noticed an ice beast
  4009 | D:5      | Killed an ice beast
  4009 | D:5      | Reached XP level 7. HP: 39/60 MP: 6/6
  4031 | D:5      | Found a blossoming altar of Fedhas.
  4085 | D:5      | Reached skill level 1 in Short Blades
  4426 | D:5      | Noticed Edmund
  4441 | D:5      | Killed Edmund
  4441 | D:5      | Reached skill level 1 in Stealth
  4441 | D:5      | Reached skill level 6 in Shields
  4646 | D:5      | Noticed Menkaure
  4655 | D:5      | Killed Menkaure
  4863 | D:5      | Reached XP level 8. HP: 34/67 MP: 7/7
  4867 | D:5      | Gained mutation: You are dopey. (Int -2) [mutagenic meat]
  5162 | D:5      | Noticed Eustachio
  5173 | D:5      | Killed Eustachio
  5406 | D:5      | Reached skill level 5 in Fighting
  5542 | D:6      | Reached skill level 1 in Maces & Flails
  5552 | D:6      | Reached skill level 7 in Shields
  5559 | D:6      | Slain by an orc priest

Skill      XL: |  1  2  3  4  5  6  7  8 |
---------------+-------------------------+-----
Fighting       | 4 5 |  5.0
Shields        | 4 5 6 7 |  7.0
Long Blades    | 3 4 5 |  5.5
Armour         | 4 5 6 |  6.7
Dodging        | 1 2 |  2.8
Throwing       | 1 |  1.9
Short Blades   | 2 3 |  3.4
Stealth        | 1 |  1.0
Maces & Flails | 1 |  1.6

Action                   |  1- 3 |  4- 6 |  7- 9 || total
-------------------------+-------+-------+-------++-------
Melee: Long sword        |    79 |   106 |       ||   185
       Headbutt          |     9 |    33 |    21 ||    63
       Short sword       |       |    68 |    85 ||   153
       Morningstar       |       |       |    53 ||    53
Throw: Tomahawk          |     2 |    10 |     4 ||    16
  Use: Scroll            |       |     3 |     3 ||     6
  Eat: Chunk             |     1 |     6 |     2 ||     9
       Bread ration      |       |     1 |     1 ||     2
Armor: Scale mail        |    46 |    56 |    46 ||   148
Dodge: Dodged            |    27 |    53 |    32 ||   112
Block: Shield            |    60 |   114 |    80 ||   254
       Rpst.: Long sword |     9 |    16 |       ||    25
